 Dungeon Crawl Stone Soup version 0.24-a0-244-ga6a6ab7 (webtiles) character file.

Game seed: 1071074085835581007

101535 xeno23 the Covert (level 16, 0/109 HPs)
             Began as an Octopode Assassin on Apr 10, 2019.
             Was a Believer of Uskayaw.
             Slain by a +3 trident of freezing (14 damage)
             ... on level 2 of the Elven Halls.
             The game lasted 02:38:18 (21676 turns).

xeno23 the Covert (Octopode Assassin)              Turns: 21676, Time: 02:38:18

Health: 0/109      AC:  8    Str: 15    XL:     16   Next: 30%
Magic:  15/23      EV: 21    Int: 15    God:    Uskayaw [**....]
Gold:   715        SH:  8    Dex: 21    Spells: 6/25 levels left

rFire    . . .     SeeInvis .   a - +3 scimitar (flame)
rCold    + + .     Gourm    .   E - +2 buckler {rC+}
rNeg     . . .     Faith    .   U - +1 hat
rPois    +         Spirit   .   i - amulet of regeneration
rElec    .         Reflect  .   L - +3 ring of strength
rCorr    .         Harm     .   y - +4 ring of protection
MR       +....                  Z - ring of poison resistance
Stlth    +++++++...             W - ring of wizardry
HPRegen  0.68/turn              n - +3 ring of slaying
MPRegen  0.18/turn              O - +4 ring of dexterity
                                (no ring)
                                (no ring)

@: about to teleport, very slightly contaminated, invisible
A: almost no armour, stealthy swim, amphibious, 8 rings, constrict 8, iridescent
scales 1, camouflage 1, cold resistance 1, gelatinous body 1
a: Stomp, Line Pass, Renounce Religion


You were on level 2 of the Elven Halls.
You worshipped Uskayaw.
Uskayaw was noncommittal.
You were hungry.

You visited 5 branches of the dungeon, and saw 22 of its levels.
You also visited: Sewer and Ice Cave.

You collected 2356 gold pieces.
You spent 1641 gold pieces at shops.

Inventory:

Hand Weapons
 a - a +3 scimitar of flaming (weapon)
 d - a +2 dagger of electrocution
 s - a +0 blowgun
 Q - the +0 trident of the Orcish Mines {freeze, rC+++ Int+3 Dex-2 SInv}
   (You found it on level 8 of the Dungeon)

   It has been specially enchanted to freeze those struck by it, causing extra
   injury to most foes and up to half again as much damage against particularly
   susceptible opponents.
   It can also slow down cold-blooded creatures.
   It affects your intelligence (+3).
   It affects your dexterity (-2).
   It renders you almost immune to cold.
   It lets you see invisible.
Missiles
 c - 95 poisoned needles
 C - 2 curare-tipped needles
Armour
 E - a +2 buckler of cold resistance (worn)
 U - a +1 hat (worn)
Jewellery
 i - an amulet of regeneration (around mantle)
 n - a +3 ring of slaying (on tentacle)
 y - a +4 ring of protection (right tentacle)
 L - a +3 ring of strength (left tentacle)
 O - a +4 ring of dexterity (on tentacle)
 W - a ring of wizardry (on tentacle)
 Z - a ring of poison resistance (on tentacle)
Wands
 p - a wand of iceblast (17)
 x - a wand of paralysis (6)
 N - a wand of acid (21)
Scrolls
 b - 4 scrolls of fear
 g - 5 scrolls of amnesia
 h - 14 scrolls of remove curse
 k - 4 scrolls of enchant weapon
 l - 7 scrolls of immolation
 o - 7 scrolls of teleportation
 r - a scroll of identify
 t - 5 scrolls of fog
 v - 2 scrolls of blinking
 F - 4 scrolls of magic mapping
 G - a scroll of summoning
 M - a scroll of enchant armour {unknown}
 R - 2 scrolls of acquirement
 X - a scroll of brand weapon {unknown}
Potions
 e - 4 potions of flight
 j - 9 potions of heal wounds
 m - 15 potions of curing
 q - a potion of mutation
 u - 3 potions of agility
 w - 2 potions of brilliance
 z - a potion of cancellation
 H - 5 potions of might
 K - a potion of invisibility
 S - 2 potions of haste
 T - 2 potions of resistance
 V - 3 potions of magic
Miscellaneous
 J - 2 phantom mirrors
 Y - a phial of floods
Comestibles
 f - 35 rations


   Skills:
 + Level 10.3 Fighting
 - Level 9.5(10.9) Short Blades
 - Level 8.6(10.4) Long Blades
 - Level 2.0 Throwing
 + Level 8.9 Dodging
 - Level 13.3 Stealth
 - Level 4.1 Shields
 - Level 5.0 Spellcasting
 + Level 10.8 Hexes
 - Level 5.0 Charms
 - Level 5.0 Necromancy
 - Level 3.0 Translocations
 * Level 8.8 Transmutations
 * Level 8.9 Earth Magic
 + Level 6.8 Invocations
 - Level 5.0 Evocations


You had 6 spell levels left.
You knew the following spells:

 Your Spells              Type           Power        Failure   Level  Hunger
a - Invisibility          Hex            #####...     12%         6    #######
e - Regeneration          Chrm/Necr      ###.......   2%          3    ###....
f - Statue Form           Tmut/Erth      ####.....    26%         6    #######
g - Blink                 Tloc           N/A          2%          2    ##.....
s - Passwall              Tmut/Erth      ####....     1%          2    ##.....

Your spell library contained the following spells:

 Spells                   Type           Power        Failure   Level  Hunger
 Animate Skeleton         Necr           N/A          1%          1    None
 Apportation              Tloc           ##....       1%          1    None
 Beastly Appendage        Tmut           ####..       1%          1    None
 Pain                     Necr           ###.         1%          1    None
 Slow                     Hex            #####...     1%          2    ##.....
 Sticks to Snakes         Tmut           ####....     1%          2    ##.....
 Tukima's Dance           Hex            #####...     1%          3    ###....
 Inner Flame              Hex/Fire       ###.....     2%          3    ###....
 Vampiric Draining        Necr           ###.......   2%          3    ###....
 Magic Dart               Conj           #...         6%          1    None
 Summon Butterflies       Summ           #.......     6%          1    None
 Lesser Beckoning         Tloc           ##........   6%          3    ###....
 Animate Dead             Necr           N/A          9%          4    ####...
 Call Imp                 Summ           #.......     10%         2    ##.....
 Recall                   Summ/Tloc      N/A          11%         3    ###....
 Borgnjor's Vile Clutch   Necr/Erth      ###.......   11%         5    ######.
 Conjure Flame            Conj/Fire      #.......     19%         3    ###....
 Mephitic Cloud           Conj/Pois/Air  #.......     19%         3    ###....
 Metabolic Englaciation   Hex/Ice        ###.......   19%         5    ######.
 Hydra Form               Tmut           ####......   26%         6    #######
 Alistair's Intoxication  Tmut/Pois      ###.....     28%         5    ######.
 Irradiate                Conj/Tmut      ###.......   28%         5    ######.
 Death Channel            Necr           ###.......   75%         6    #######
 Simulacrum               Ice/Necr       ##........   96%         6    #######
 Dragon Form              Tmut           ####......   78%         7    #######
 Ring of Flames           Chrm/Fire      ##........   100%        7    #######
 Shatter                  Erth           ####......   100%        9    #######


Dungeon Overview and Level Annotations

Branches:
Dungeon (11/15)            Temple (1/1) D:6            Lair (6/6) D:11
 Shoals (0/4) Lair:4        Snake (0/4) Lair:3        Slime (0/5) Lair:5
    Orc (2/2) D:9             Elf (2/3) Orc:2

Altars:
Ashenzari
Cheibriados
Dithmenos
Elyvilon
Fedhas
Gozag
Hepliaklqana
Kikubaaqudgha
Makhleb
Nemelex Xobeh
Okawaru
Qazlal
Ru
Sif Muna
Trog
Uskayaw
Vehumet
Wu Jian
Xom
Yredelemnul
Zin
The Shining One
Jiyva

Shops:
D:8 ?   Orc:1 [   Orc:2 *[:(   Elf:2 (

Annotations:
D:9 exclusion: door
Elf:2 5 runed translucent doors


Innate Abilities, Weirdness & Mutations

You cannot wear most types of armour.
You are very stealthy in the water. (Stealth+)
You are amphibious.
You can wear up to eight rings at the same time.
You can use your tentacles to constrict eight enemies at once.
Your skin changes colour to match your surroundings (Stealth+).
Your rubbery body absorbs attacks. (AC +1, EV +1)
You are partially covered in iridescent scales. (AC +2)
Your flesh is cold resistant. (rC+)


Message History

Aiming: Invisibility (quite dangerous; 12% risk of failure)
Press: ? - help, Shift-Dir - straight line, f - you You fade into invisibility!
You are feeling hungry.
You block the air elemental's attack. The air elemental hits you!
* * * LOW HITPOINT WARNING * * *
The air elemental completely misses you.
You take 15 damage.
Press: ? - help, v - describe, . - travel
Here: an air elemental (moderately damaged)
The floor.
As you read the scroll of teleportation, it crumbles to dust.
You feel strangely unstable. The air elemental hits you.
* * * LOW HITPOINT WARNING * * *
The +3 trident of freezing hits you from afar!
* * * LOW HITPOINT WARNING * * *
The air elemental misses you.
The +3 trident of freezing hits you from afar!
You die...

#####.....# #.#
##...## #.# ## #####
#.# #. ####### #.# #.
#.....## #.# #.
...)...## ###'# #.
...)....## ##...##
###. ...[...(.#
##...([## #...
...[))[..####...@.).#
#...
.........').'..EP...#
##...
....[....####)..(...#
#..#. .........#
##.....## ##.##.
........## ##'#..[##
#..##. #......##
##.####'# ####.###.
#.###### ##.## #.#
#..!.# #. ###..##
##.## #<# #.#### ## #
#....##'## #)# #)#


You could see an air elemental and a +3 trident of freezing.

Vanquished Creatures
  Gastronok (D:10)
  An orc warlord (Orc:2)
  A deep elf sorcerer (Elf:1)
  A frost giant (IceCv)
  The ghost of confidenceinterval the Bludgeoner, an adept GrFi of Okawaru (Elf:1)
  A deep elf annihilator (Elf:1)
  Josephine (Orc:1)
  Fannar (D:10)
  The ghost of galech the Cleaver, a journeyman DsFi of Okawaru (Orc:2)
  9 hydras
  Erica (D:8)
  A two-headed ogre (D:11)
  7 dancing weapons
  5 death yaks
  9 deep elf knights
  A fire crab (Lair:5)
  2 unseen horrors (D:11)
  7 deep elf archers
  A lindwurm (Lair:5)
  3 orc knights (Orc:2)
  The ghost of confidenceinterval the Carver, a novice MiFi (D:5)
  An ugly thing (D:11)
  3 orc sorcerers (Orc:2)
  36 deep elf magi
  The ghost of gruber the Conjurer, a novice OpCj (D:5)
  3 ice statues
  9 elephants
  4 black mambas
  3 merfolk sirens (Lair:4)
  Joseph (D:10)
  2 torpor snails
  8 spiny frogs
  A centaur skeleton (D:11)
  A rime drake (Lair:3)
  6 komodo dragons
  5 trolls
  20 polar bears
  A merfolk (Lair:4)
  Prince Ribbit (D:6)
  5 hornets
  4 blink frogs (Lair:5)
  6 hippogriffs
  6 dream sheep
  2 water elementals
  3 air elementals (Elf:2)
  4 wraiths (Orc:1)
  6 wyverns
  Grum (D:11)
  16 spriggans
  3 basilisks
  50 yaks
  A warg (Orc:2)
  An acid dragon (D:9)
  8 water moccasins
  9 porcupines
  Duvessa (D:4)
  4 ice beasts
  33 orc warriors
  A hornet zombie (D:11)
  8 black bears
  4 sky beasts
  2 phantoms (D:11)
  5 ogres
  An eye of draining (D:9)
  4 centaurs
  35 wolves
  5 boggarts (Lair:6)
  11 crocodiles
  4 big kobolds
  12 bullfrogs
  A gnoll sergeant (Orc:1)
  A wyvern zombie (D:11)
  Dowan (D:4)
  An earth elemental (Elf:1)
  3 scorpions
  10 killer bees
  A howler monkey (D:7)
  5 electric eels
  5 crimson imps
  4 centaur zombies
  4 jellies
  A bullfrog zombie (D:11)
  2 hounds
  15 orc priests
  A gnoll shaman (Orc:1)
  19 orc wizards
  7 iguanas
  Terence (D:2)
  6 worker ants
  A hound zombie (D:11)
  2 hound skeletons
  2 worker ant zombies
  11 gnolls
  14 adders
  6 river rats
  3 shadow imps
  12 white imps (Lair:6)
  2 adder skeletons
  6 worms
  2 dart slugs (D:2)
  3 leopard geckos
  70 orcs
  13 bats
  5 giant cockroaches
  7 hobgoblins
  12 jackals
  42 kobolds
  8 quokkas
  9 ball pythons
  8 frilled lizards
  A jackal skeleton (D:6)
  A quokka zombie (D:7)
  31 rats
  A bush (Lair:2)
  A plant (Lair:2)
778 creatures vanquished.

Vanquished Creatures (others)
  13 fungi
  4 plants (Lair:4)
  A withered plant (D:5)
18 creatures vanquished.

Grand Total: 796 creatures vanquished

Notes
Turn   | Place    | Note
-------+----------+-------------------------------------------
     0 | D:1      | xeno23 the Octopode Assassin began the quest for the Orb.
     0 | D:1      | Reached XP level 1. HP: 14/14 MP: 1/1
   275 | D:1      | Reached XP level 2. HP: 19/19 MP: 2/2
   576 | D:2      | Reached XP level 3. HP: 25/25 MP: 3/3
   612 | D:2      | Reached XP level 4. HP: 30/30 MP: 4/4
   614 | D:2      | Reached skill level 6 in Stealth
   822 | D:2      | Found a sacrificial altar of Ru.
   872 | D:2      | Reached XP level 5. HP: 32/36 MP: 5/5
  1091 | D:2      | Noticed Terence
  1096 | D:2      | Killed Terence
  1377 | D:3      | Found a glowing drain.
  1398 | Sewer    | Entered a sewer
  1489 | Sewer    | Reached XP level 6. HP: 41/42 MP: 6/6
  1670 | Sewer    | Reached skill level 5 in Short Blades
  1670 | Sewer    | Reached skill level 7 in Stealth
  2090 | D:3      | Found a stormy altar of Qazlal.
  2094 | D:3      | Learned a level 2 spell: Blink
  2094 | D:3      | Found a deep blue altar of Sif Muna.
  2095 | D:3      | Found a shimmering altar of Xom.
  2472 | D:4      | Reached XP level 7. HP: 47/47 MP: 7/7
  2608 | D:4      | Noticed Duvessa
  2608 | D:4      | Noticed Dowan
  2636 | D:4      | Killed Duvessa
  2636 | D:4      | Reached skill level 1 in Shields
  2636 | D:4      | Reached skill level 1 in Translocations
  2649 | D:4      | Killed Dowan
  2895 | D:5      | Entered Level 5 of the Dungeon
  2895 | D:5      | Found an opulent altar of Gozag.
  3026 | D:5      | Found a runed translucent gate.
  3026 | D:5      | Found a runed translucent gate.
  3073 | D:5      | Reached XP level 8. HP: 54/54 MP: 8/8
  3180 | D:5      | Found a runed translucent gate.
  3181 | D:5      | Noticed gruber's ghost (novice OpCj)
  3182 | D:5      | Noticed confidenceinterval's ghost (novice MiFi)
  3272 | D:5      | Reached skill level 8 in Stealth
  3416 | D:6      | Got a smoking rapier
  3417 | D:6      | Identified the cursed +1 rapier of Quantum Leap {pierce,
                  | rN++} (You found it on level 6 of the Dungeon)
  3434 | D:6      | Noticed Prince Ribbit
  3435 | D:6      | Killed Prince Ribbit
  3486 | D:6      | Found an ancient bone altar of Kikubaaqudgha.
  3675 | D:6      | Reached skill level 5 in Fighting
  3721 | D:6      | Reached XP level 9. HP: 61/61 MP: 9/9
  3786 | D:6      | Found a staircase to the Ecumenical Temple.
  3801 | Temple   | Entered the Ecumenical Temple
  3999 | Temple   | Became a worshipper of Uskayaw the Reveler
  4055 | D:6      | Found a blossoming altar of Fedhas.
  4062 | D:6      | Reached * piety under Uskayaw
  4068 | D:6      | Reached skill level 9 in Stealth
  4069 | D:6      | Reached ** piety under Uskayaw
  4438 | D:7      | Found a glowing silver altar of Zin.
  4518 | D:7      | Reached *** piety under Uskayaw
  4533 | D:7      | Reached **** piety under Uskayaw
  5030 | D:7      | Noticed an ice statue
  5248 | D:8      | Found Zymerac's Magic Scroll Shoppe.
  5391 | D:8      | Got a bone trident
  5435 | D:8      | Found a radiant altar of Vehumet.
  5452 | D:8      | Identified the cursed +0 trident of the Orcish Mines
                  | {freeze, rC+++ Int+3 Dex-2 SInv} (You found it on level 8
                  | of the Dungeon)
  5495 | D:8      | Reached skill level 10 in Stealth
  5629 | D:8      | Bought a scroll of blinking for 97 gold pieces
  5629 | D:8      | Bought a scroll of fear for 45 gold pieces
  5629 | D:8      | Bought a scroll of teleportation for 39 gold pieces
  5727 | D:8      | Reached XP level 10. HP: 69/69 MP: 10/10
  6005 | D:8      | Noticed Erica
  6337 | D:8      | Killed Erica
  6483 | D:7      | Killed an ice statue
  6483 | D:7      | Reached skill level 1 in Long Blades
  6489 | D:7      | Got a coiled gossamer ring
  6495 | D:7      | Identified the ring of Buaf {+Fly rPois rC- rN+ Int-3} (You
                  | found it on level 7 of the Dungeon)
  6627 | D:5      | Killed gruber's ghost
  6627 | D:5      | Reached skill level 11 in Stealth
  6702 | D:5      | Killed confidenceinterval's ghost
  6939 | D:9      | Reached skill level 5 in Dodging
  7135 | D:9      | Reached XP level 11. HP: 75/75 MP: 11/11
  7263 | D:9      | Found a staircase to the Orcish Mines.
  7398 | D:10     | Entered Level 10 of the Dungeon
  7521 | D:10     | Found an iron altar of Okawaru.
  7553 | D:10     | Reached skill level 5 in Long Blades
  7719 | D:10     | Noticed Gastronok
  7843 | D:10     | Killed Gastronok
  7843 | D:10     | Reached skill level 12 in Stealth
  7944 | D:10     | Noticed Fannar
  8082 | D:10     | Noticed Joseph
  8094 | D:10     | Killed Joseph
  8109 | D:10     | Reached skill level 1 in Invocations
  8555 | D:10     | Killed Fannar
  8698 | Orc:1    | Entered Level 1 of the Orcish Mines
  8698 | Orc:1    | Found Ruyscheida's Armour Shoppe.
  9083 | Orc:1    | Noticed Josephine
  9118 | Orc:1    | Killed Josephine
  9118 | Orc:1    | Reached XP level 12. HP: 69/84 MP: 12/14
  9122 | Orc:1    | Reached ***** piety under Uskayaw
  9321 | Orc:1    | Found a bloodstained altar of Trog.
  9793 | Orc:2    | Entered Level 2 of the Orcish Mines
  9796 | Orc:2    | Found Onuid's General Store.
  9884 | Orc:2    | Reached skill level 13 in Stealth
  9893 | Orc:2    | Found a staircase to the Elven Halls.
  9900 | Orc:2    | Learned a level 3 spell: Regeneration
 10047 | Orc:2    | Reached ****** piety under Uskayaw
 10292 | Orc:2    | Noticed an orc warlord
 10296 | Orc:2    | Reached skill level 1 in Charms
 10426 | Orc:2    | Killed an orc warlord
 10426 | Orc:2    | Reached skill level 1 in Spellcasting
 10426 | Orc:2    | Reached skill level 1 in Necromancy
 10606 | Orc:2    | Found Oveezesa's Antique Armour Emporium.
 10684 | Orc:2    | Bought a book of Party Tricks for 800 gold pieces
 10691 | Orc:2    | Learned a level 6 spell: Invisibility
 10697 | Orc:2    | Found Zatimaz's Book Shop.
 10812 | Orc:2    | Reached skill level 1 in Hexes
 10832 | Orc:2    | Found Wifobof's Antique Weapon Boutique.
 11120 | Orc:2    | Found a large runed translucent door.
 11145 | Orc:2    | Found a large runed translucent door.
 11147 | Orc:2    | Noticed galech's ghost (journeyman DsFi)
 11206 | Orc:2    | Killed galech's ghost
 11476 | D:11     | Noticed a death yak
 11481 | D:11     | Noticed a death yak
 11512 | D:10     | Killed a death yak
 11512 | D:10     | Reached XP level 13. HP: 90/90 MP: 16/16
 11597 | D:11     | Found a staircase to the Lair.
 11618 | D:11     | Identified Roxanne's Grimoire of Shifting Stones
 11623 | D:11     | Learned a level 2 spell: Passwall
 12327 | D:11     | Reached skill level 5 in Hexes
 12393 | D:11     | Noticed Grum
 12410 | D:11     | Killed Grum
 12467 | Lair:1   | Entered Level 1 of the Lair of Beasts
 13477 | Lair:2   | Got a jewelled triple crossbow
 13929 | Lair:2   | Reached skill level 5 in Charms
 13955 | Lair:2   | Reached skill level 5 in Necromancy
 14248 | Lair:3   | Reached skill level 5 in Spellcasting
 14528 | Lair:3   | Found a staircase to the Snake Pit.
 15020 | Lair:4   | Reached skill level 1 in Transmutations
 15020 | Lair:4   | Reached skill level 1 in Earth Magic
 15241 | Lair:4   | Reached XP level 14. HP: 71/97 MP: 21/21
 15312 | Lair:4   | Found a staircase to the Shoals.
 16963 | Lair:5   | Found a viscous altar of Jiyva.
 16964 | Lair:5   | Found a staircase to the Slime Pits.
 17043 | Lair:5   | Reached skill level 5 in Transmutations
 17043 | Lair:5   | Reached skill level 5 in Earth Magic
 17367 | Lair:6   | Entered Level 6 of the Lair of Beasts
 17370 | Lair:6   | Found a frozen archway.
 17435 | IceCv    | Entered an ice cave
 17751 | IceCv    | Noticed a frost giant
 18006 | IceCv    | Killed a frost giant
 18277 | IceCv    | Got a warped halberd
 18669 | Lair:6   | Reached XP level 15. HP: 81/101 MP: 4/22
 18784 | Lair:6   | Reached skill level 10 in Hexes
 18866 | Lair:6   | Reached skill level 5 in Invocations
 19178 | Lair:6   | Identified Mufem's Compendium of the Lucky Oath
 19728 | Lair:1   | Upgraded the game from 0.24-a0-243-g8f5f5cd to
                  | 0.24-a0-244-ga6a6ab7
 19733 | Lair:1   | Identified the +3 halberd of Zin's Righteous Fury {chop,
                  | Int+4} (You found it in an ice cave)
 19742 | Lair:1   | Gained mutation: Your magical capacity is low. (-10% MP)
                  | [potion of mutation]
 19742 | Lair:1   | Gained mutation: You are agile. (Dex +2) [potion of
                  | mutation]
 19743 | Lair:1   | Lost mutation: Your magical capacity is low. (-10% MP)
                  | [potion of mutation]
 19743 | Lair:1   | Lost mutation: You are agile. (Dex +2) [potion of mutation]
 19743 | Lair:1   | Gained mutation: Your body sometimes deteriorates upon
                  | taking damage. [potion of mutation]
 19743 | Lair:1   | Gained mutation: One of your tentacles bears a spike.
                  | [potion of mutation]
 19744 | Lair:1   | Lost mutation: One of your tentacles bears a spike. [potion
                  | of mutation]
 19744 | Lair:1   | Lost mutation: Your body sometimes deteriorates upon taking
                  | damage. [potion of mutation]
 19744 | Lair:1   | Gained mutation: Your flesh is cold resistant. (rC+)
                  | [potion of mutation]
 19744 | Lair:1   | Gained mutation: You are partially covered in iridescent
                  | scales. (AC +2) [potion of mutation]
 19869 | Orc:2    | Bought a book of Transfigurations for 660 gold pieces
 19877 | Orc:2    | Learned a level 6 spell: Statue Form
 19912 | Elf:1    | Entered Level 1 of the Elven Halls
 20320 | Elf:1    | Found a runed translucent gate.
 20320 | Elf:1    | Found a runed translucent gate.
 20326 | Elf:1    | Found a runed translucent gate.
 20326 | Elf:1    | Noticed confidenceinterval's ghost (adept GrFi)
 20423 | Elf:1    | Killed confidenceinterval's ghost
 20460 | Elf:1    | Identified 2 scrolls of acquirement
 20603 | Elf:1    | Noticed a deep elf sorcerer
 20609 | Elf:1    | Killed a deep elf sorcerer
 20657 | Elf:1    | Reached skill level 5 in Evocations
 20908 | Elf:2    | Reached skill level 10 in Fighting
 20939 | Elf:2    | Reached XP level 16. HP: 92/109 MP: 20/23
 21371 | Elf:2    | Found a huge runed translucent gate.
 21371 | Elf:2    | Found a huge runed translucent gate.
 21371 | Elf:2    | Found a huge runed translucent gate.
 21372 | Elf:2    | Found a huge runed translucent gate.
 21372 | Elf:2    | Found a huge runed translucent gate.
 21547 | Elf:2    | Found a deep blue altar of Sif Muna.
 21605 | Elf:2    | Found Pinok's Weapon Boutique.
 21676 | Elf:2    | Slain by a +3 trident of freezing

Levels and vault maps discovered:
D:1:      dpeg_arrival_another_circle, layout_rooms
D:2:      minmay_alternating_diamond, layout_basic, nicolae_ru_path_of_blood,
          uniq_terence
D:3:      layout_rooms, minitemple, gup_sewer_entry_glass
D:4:      layout_loops_cross, uniq_duvessa
D:5:      layout_rooms, first_ration, gammafunk_ghost_cemetery,
          grunt_gozag_statues
D:6:      layout_loops_ring, grunt_temple_overflow_growth_and_decay,
          minmay_temple_entry_hall, roderic_three_in_a_row, uniq_prince_ribbit1
D:7:      statuecave_lemuel, layout_basic, basic_altar
D:8:      layout_rooms, marbit_many_paths, serial_shops, nicolae_shop_crystal,
          grunt_pizzeria, uniq_erica
D:9:      layout_roguey, orc_0_dummy
D:10:     layout_roguey, kennysheep_nub, okawaru_trees_2, uniq_gastronok,
          uniq_joseph, uniq_fannar
D:11:     minmay_distorted_concentric_squares, layout_loops_cross,
          dpeg_lair_monsters, uniq_grum
Temple:   regret_index_temple_generic_petals
Lair:1:   layout_cave_pods, grunt_megastairs_3
Lair:2:   layout_roguey, gammafunk_lair_bear_cave
Lair:3:   layout_gridlike, dummy_snake_entry
Lair:4:   wad_woods_tower, layout_cave_pods, elwin_shoals_entry_stream,
          chequers_serial_rivers_micro_e
Lair:5:   layout_regular_city, slime_altar_1, minmay_shattered_shrine
Lair:6:   minmay_lair_end_enchanted_forest, layout_gridlike,
          portal_ice_cave_entry_imps, serial_bayou_shore_a
Orc:1:    layout_diamond_mine, basic_altar, enter_bailey_4, serial_shops,
          shop_statue, nicolae_orc_flooded_monolith, uniq_josephine
Orc:2:    grunt_orc_gardens, layout_caves, grunt_orc_garden, grunt_orc_garden,
          grunt_orc_garden, grunt_orc_garden, ebering_ghost_disaster_area
Elf:1:    minmay_elf_arrival_plus, layout_loops_ring, ebering_ghost_rock_garden,
          hangedman_elf_represent, st_stairs_14
Elf:2:    layout_geoelf_octagon, basic_altar, serial_shops,
          nicolae_shop_behind_doors
Sewer:    sewer_minmay_treatment
IceCv:    ice_cave_small_giant

Skill      XL: |  1  2  3  4  5  6  7  8  9 10 11 12 13 14 15 |
---------------+----------------------------------------------+-----
Short Blades   | 3 4 5 6 7 8 9 |  9.5
Stealth        | 6 7 8 10 11 12 13 | 13.3
Fighting       | 3 4 5 6 7 8 9 10 | 10.3
Shields        | 2 4 |  4.1
Translocations | 1 3 |  3.0
Dodging        | 3 5 6 7 8 |  8.9
Long Blades    | 4 7 8 |  8.6
Invocations    | 2 4 6 |  6.8
Charms         | 2 5 |  5.0
Spellcasting   | 2 5 |  5.0
Necromancy     | 2 5 |  5.0
Hexes          | 3 7 9 10 | 10.8
Transmutations | 2 6 8 |  8.8
Earth Magic    | 2 6 8 |  8.9
Evocations     | 3 5 |  5.0
Throwing       | |  2.0

Action                   |  1- 3 |  4- 6 |  7- 9 | 10-12 | 13-15 | 16-18 || total
-------------------------+-------+-------+-------+-------+-------+-------++-------
Melee: Dagger            |     8 |       |   253 |    55 |   134 |    75 ||   525
       Short sword       |    26 |   197 |     9 |     4 |       |       ||   236
       Constrict         |     5 |    43 |    60 |   104 |   109 |    12 ||   333
       Tentacles         |     3 |    30 |    72 |   144 |   298 |    17 ||   564
       Scimitar          |       |       |       |   462 |   674 |     5 ||  1141
       Trident           |       |       |       |    35 |    80 |       ||   115
 Fire: Blowgun           |       |       |       |    79 |    37 |       ||   116
 Cast: Blink             |       |       |       |    12 |    14 |     1 ||    27
       Regeneration      |       |       |       |     2 |    49 |    10 ||    61
       Invisibility      |       |       |       |       |    12 |     4 ||    16
Evoke: Wand              |       |       |       |     1 |     4 |       ||     5
       Phial of floods   |       |       |       |       |     2 |       ||     2
  Use: Scroll            |       |     4 |     8 |     5 |    15 |     3 ||    35
       Potion            |       |       |       |       |     5 |     1 ||     6
 Stab: Sleeping          |    12 |    25 |    33 |    21 |    56 |     2 ||   149
       Distracted        |       |       |     1 |     2 |     9 |     1 ||    13
       Paralysed         |       |       |       |    40 |    57 |     5 ||   102
       Fleeing           |       |       |       |     1 |       |       ||     1
       Invisible         |       |       |       |       |    36 |     9 ||    45
  Eat: Chunk             |       |     5 |    10 |    17 |    35 |     7 ||    74
       Ration            |       |       |       |     1 |     3 |       ||     4
Armor: Skin              |     7 |     8 |     7 |    44 |    89 |       ||   155
Dodge: Dodged            |    12 |   106 |    70 |   265 |   517 |    34 ||  1004
Block: Buckler           |       |       |    32 |   104 |   181 |    21 ||   338
       Rpst.: Scimitar   |       |       |       |    56 |   100 |     4 ||   160

Table legend:
 A = Non-vault XP
 B = Vault XP
 C = Vault XP percentage of total XP
 D = Non-vault monster count
 E = Vault monster count
 F = Vault count percentage of total count
                 A         B        C        D         E       F
            +---------+---------+-------+---------+---------+-------
      Total |   76605 |   68445 |  47.2 |     508 |     268 |  34.5
            +---------+---------+-------+---------+---------+-------
        D:1 |      29 |       0 |   0.0 |      22 |       0 |   0.0
        D:2 |     133 |      77 |  36.7 |      27 |       5 |  15.6
        D:3 |      46 |      30 |  39.5 |      23 |       4 |  14.8
        D:4 |     135 |     218 |  61.8 |      12 |       2 |  14.3
        D:5 |     430 |    1115 |  72.2 |      16 |       2 |  11.1
        D:6 |     996 |     296 |  22.9 |      26 |       1 |   3.7
        D:7 |    1377 |     466 |  25.3 |      33 |       1 |   2.9
        D:8 |    1153 |    1235 |  51.7 |      29 |       3 |   9.4
        D:9 |    2369 |       0 |   0.0 |      27 |       0 |   0.0
       D:10 |    3017 |    4590 |  60.3 |      38 |       4 |   9.5
       D:11 |    3133 |    4741 |  60.2 |      19 |      20 |  51.3
     Lair:1 |     439 |     548 |  55.5 |       3 |       2 |  40.0
     Lair:2 |    5263 |     771 |  12.8 |      24 |       4 |  14.3
     Lair:3 |    2694 |       0 |   0.0 |      12 |       0 |   0.0
     Lair:4 |    8897 |    2685 |  23.2 |      29 |      10 |  25.6
     Lair:5 |    3286 |    7819 |  70.4 |      11 |      12 |  52.2
     Lair:6 |   13014 |    7620 |  36.9 |      46 |      54 |  54.0
      Orc:1 |    2076 |    2337 |  53.0 |      57 |      13 |  18.6
      Orc:2 |     522 |    8494 |  94.2 |       8 |      25 |  75.8
      Elf:1 |    8797 |   12285 |  58.3 |      14 |      17 |  54.8
      Elf:2 |   18799 |    3237 |  14.7 |      32 |       5 |  13.5
      Sewer |       0 |     232 | 100.0 |       0 |      48 | 100.0
      IceCv |       0 |    9649 | 100.0 |       0 |      36 | 100.0
            +---------+---------+-------+---------+---------+-------
